Map: Cyber Forest LE

Players

Smeeeger - Winner!

  • Race: Zerg Zerg
  • League: Platinum
  • Spawn Location: 5:00

bananaman

  • Race: Terran Terran
  • League: Platinum
  • Spawn Location: 11:00

VOD

Have the link to the VOD?

Description

Time

  • Played on: July 17, 2019, 9:53 a.m.
  • Length: 11:07
Show
View Real Time Build Order
Export as new Build Order

Smeeeger Zerg - Winner!

Build Orders: Hatch First 

Get SALT Encoding   

  12  0:02  Drone  
  13  0:16  Drone, Overlord  
  14  0:35  Drone x2  
  16  0:38  Drone  
  17  0:49  Drone  
  18  1:01  Hatchery  
  18  1:03  Drone, Extractor  
  17  1:18  Drone, Spawning Pool  
  17  1:27  Drone  
  17  1:32  Drone  
  19  1:46  Overlord  
  19  2:05  Queen  
  19  2:07  Zergling x2  
  19  2:08  Zergling x2  
  23  2:14  Queen  
  25  2:16  Zergling x2  
  25  2:22  Metabolic Boost  
  26  2:25  Drone  
  27  2:31  Drone  
  27  2:33  Drone  
  29  2:41  Drone x2, Queen  
  33  2:51  Drone  
  34  2:58  Drone x2  
  36  3:06  Overlord  
  36  3:27  Overlord x2  
  36  3:28  Hatchery  
  35  3:37  Drone  
  36  3:45  Queen  
  36  3:47  Lair  
  38  3:53  Roach Warren  
  38  3:55  Drone x6, Evolution Chamber  
  42  3:57  Zergling x2  
  43  4:07  Drone x4  
  47  4:12  Overlord  
  47  4:24  Extractor  
  45  4:25  Extractor  
  45  4:30  Drone x3  
  45  4:31  Drone x3, Overlord  
  50  4:44  Drone x2  
  52  4:52  Queen  
  52  4:54  Drone x5  
  52  4:55  Drone  
  60  5:00  Glial Reconstitution  
  60  5:03  Drone x2  
  60  5:05  Spore Crawler  
  60  5:06  Spore Crawler  
  60  5:20  Pneumatized Carapace  
  60  5:21  Drone  
  61  5:22  Overlord x2  
  61  5:23  Zerg Missile Weapons Level 1  
  61  5:24  Drone x3  
  61  5:27  Overlord  
  64  5:28  Overseer  
  64  5:31  Roach  
  64  5:32  Roach  
  70  5:35  Roach  
  70  5:40  Drone  
  70  5:41  Drone x2  
  73  5:43  Spore Crawler, Drone x3  
  73  5:44  Roach  
  73  5:46  Roach  
  73  5:48  Roach  
  81  5:52  Queen  
  81  5:56  Roach x2  
  87  6:07  Roach x4  
  87  6:08  Roach  
  97  6:26  Extractor x2  
  92  6:38  Roach x2  
  92  6:39  Roach x7  
  98  6:40  Roach  
  94  6:48  Drone x3  
  97  6:58  Overlord x2  
  97  6:59  Overlord x3  
  97  7:08  Overlord  
  97  7:09  Overlord  
  97  7:14  Hatchery  
  97  7:15  Extractor  
  95  7:16  Hatchery, Drone x2, Spore Crawler  
  95  7:17  Spore Crawler  
  95  7:21  Ravager x2  
  95  7:22  Ravager x3  
  99  7:27  Roach x3  
  105  7:40  Drone x2  
  105  7:41  Drone x2  
  105  7:42  Hatchery, Drone, Overlord x3  
  103  7:57  Roach x2  
  103  7:58  Roach x6  
  119  8:08  Infestation Pit  
  118  8:20  Zergling x2  
  118  8:21  Zergling x14  
  118  8:23  Ravager x4  
  130  8:30  Evolution Chamber  
  130  8:31  Drone x4, Evolution Chamber  
  130  8:32  Overlord x3  
  132  8:35  Evolution Chamber  
  132  8:36  Drone  
  132  8:37  Drone  
  133  8:43  Drone x2  
  135  8:58  Zerg Ground Armor Level 1  
  135  9:02  Zerg Melee Weapons Level 1  
  135  9:06  Drone x5, Queen  
  135  9:07  Roach  
  135  9:08  Roach x4  
  154  9:10  Overseer, Ravager x4  
  156  9:25  Tunneling Claws  
  156  9:27  Burrow  
  156  9:28  Drone x2  
  156  9:29  Drone x2  
  156  9:30  Spore Crawler, Drone  
  156  9:31  Drone x3  
  151  9:47  Zergling x2  
  151  9:48  Zergling x34  
  151  9:49  Zergling x2  
  160  10:09  Roach x6  
  160  10:10  Roach x7  
  160  10:11  Roach  
  172  10:26  Zergling x28  
Show
View Real Time Build Order
Export as new Build Order

bananaman Terran 

Build Orders: Mech 

Get SALT Encoding   

  12  0:01  SCV  
  13  0:13  SCV  
  14  0:17  Supply Depot  
  14  0:25  SCV  
  15  0:39  SCV  
  15  0:40  Barracks  
  16  0:51  SCV  
  17  0:59  Supply Depot  
  17  1:03  SCV  
  18  1:16  SCV  
  19  1:28  Orbital Command  
  19  1:36  Command Center  
  19  1:39  Marine  
  20  1:48  Refinery  
  20  1:51  Refinery  
  20  1:54  SCV  
  20  1:59  Supply Depot  
  21  2:04  Marine  
  21  2:06  SCV  
  23  2:18  SCV  
  24  2:24  Marine  
  25  2:30  SCV  
  26  2:42  SCV  
  26  2:46  Factory, Marine  
  26  2:49  Orbital Command  
  27  2:55  SCV  
  28  3:00  Bunker  
  28  3:07  SCV  
  29  3:14  Marine  
  29  3:15  Orbital Command  
  29  3:19  SCV  
  31  3:28  Supply Depot  
  31  3:31  Factory Tech Lab, SCV  
  32  3:34  Factory, Marine, Starport  
  33  3:43  SCV  
  33  3:48  Bunker  
  34  3:49  SCV  
  34  3:54  Siege Tank  
  34  3:55  SCV  
  39  4:01  SCV  
  40  4:04  Supply Depot  
  40  4:06  Supply Depot  
  40  4:09  SCV  
  41  4:11  Starport Reactor  
  41  4:18  Factory Tech Lab  
  41  4:24  SCV x2  
  41  4:27  Refinery  
  41  4:30  Refinery  
  43  4:36  SCV  
  44  4:39  SCV  
  44  4:45  Supply Depot  
  45  4:47  Supply Depot  
  45  4:48  Siege Tank  
  45  4:49  Siege Tank, SCV  
  45  4:50  Liberator  
  45  4:52  SCV  
  53  5:01  SCV  
  53  5:04  SCV  
  55  5:11  Supply Depot  
  55  5:13  SCV  
  59  5:22  Hellion  
  59  5:23  Hellion, Engineering Bay  
  59  5:25  Supply Depot, SCV  
  64  5:30  SCV  
  64  5:33  Command Center  
  65  5:46  Siege Tank x2  
  71  6:05  Supply Depot, SCV x2  
  73  6:11  Viking  
  75  6:18  Siege Tank  
  75  6:19  Siege Tank  
  62  6:51  Factory, Orbital Command  
  62  6:54  Viking x2  
  64  6:55  Factory  
  66  7:07  Siege Tank x2, Missile Turret  
  72  7:15  Orbital Command  
  73  7:58  SCV x3  
  75  8:10  SCV x2  
  75  8:11  Factory Reactor  
  75  8:12  Factory Reactor, Armory  
  77  8:13  Armory  
  77  8:14  Siege Tank x2  
  83  8:20  Missile Turret  
  83  8:21  Missile Turret  
  83  8:24  Viking  
  83  8:25  Viking  
  87  8:38  SCV  
  87  8:39  SCV x2  
  90  8:46  Siege Tank  
  93  8:49  Hellion  
  93  8:50  Hellion x3  
  93  8:55  Sensor Tower  
  101  8:58  Command Center  
  101  8:59  Refinery x2, SCV x3  
  104  9:06  Missile Turret  
  104  9:07  Missile Turret  
  104  9:11  SCV x2  
  104  9:14  Hellion x4, Thor  
  120  9:18  Thor  
  120  9:20  Factory  
  83  9:53  Widow Mine x4  
  83  9:57  Thor  
  80  10:13  SCV  
  72  10:25  SCV  
  73  10:33  Widow Mine  
  81  10:37  SCV  
  88  10:49  SCV  
Tags
 
Composition
Mech
Matchup
TvZ
Replay Pack
SC2 replays
Spawn Locations
Cross Positions
Add a new tag
Caveats
  • Supply blocks, unpowered buildings, or Contaminate may cause inaccurate times.
  • Supply counts are checked every 10 seconds.